 Dungeon Crawl Stone Soup version 0.19.4-12-gccf7e64 (webtiles) character file.

189 Magnus the Gusty (level 5, -4/28 HPs)
             Began as a Tengu Air Elementalist on Feb 26, 2017.
             Slain by a scorpion (9 damage)
             ... on level 4 of the Dungeon.
             The game lasted 00:11:18 (4171 turns).

Magnus the Gusty (Tengu Air Elementalist)           Turns: 4171, Time: 00:11:18

Health: -4/28      AC:  2    Str: 12    XL:     5   Next: 68%
Magic:  3/10       EV: 13    Int: 16    God:
Gold:   158        SH:  0    Dex: 14    Spells: 3 memorised, 5 levels left

rFire  . . .     SeeInvis .     t - staff of earth
rCold  . . .     Gourm    .     a - +0 robe
rNeg   + . .     Faith    .     (no shield)
rPois  .         Spirit   .     (helmet restricted)
rElec  .         Reflect  .     (no cloak)
rCorr  .         Harm     .     (no gloves)
MR     .....                    (boots unavailable)
Stlth  ++........               (no amulet)
                                k - +3 ring of strength
                                o - ring of positive energy

@: repel missiles
A: beak, talons 3, able to fly 1
a: Fly


You were on level 4 of the Dungeon.
You were hungry.

You visited 1 branch of the dungeon, and saw 4 of its levels.

You collected 158 gold pieces.

Inventory:

Hand Weapons
 r - a +1 long sword
Armour
 a - a +0 robe (worn)
Magical Staves
 t - an uncursed staff of earth (weapon)
Jewellery
 k - a +3 ring of strength (right hand)
 o - a ring of positive energy (left hand)
Scrolls
 e - 3 scrolls of identify
 j - a scroll of remove curse
Potions
 i - 3 potions of curing
 l - a potion of mutation {unknown}
 n - a potion of brilliance
 q - a potion of ambrosia {unknown}
 s - a potion of flight {unknown}
 v - a potion of heal wounds {unknown}
Books
 b - a book of Air

   Spells                             Type                      Level
   a - Shock                          Conjuration/Air              1
   b - Swiftness                      Charms/Air                   2
   c - Repel Missiles                 Charms/Air                   2
   d - Static Discharge               Conjuration/Air              3
   e - Lightning Bolt                 Conjuration/Air              5
 f - a book of Cantrips

   Spells                             Type                      Level
   a - Confusing Touch                Hexes                        1
   b - Animate Skeleton               Necromancy                   1
   c - Summon Small Mammal            Summoning                    1
   d - Apportation                    Translocation                1
Comestibles
 c - 4 bread rations
 d - 3 royal jellies
 h - 6 fruits
 x - a meat ration


   Skills:
 + Level 3.5 Dodging
 - Level 2.0 Stealth
 + Level 3.0 Spellcasting
 + Level 3.4 Conjurations
 + Level 5.5 Air Magic


You had 5 spell levels left.
You knew the following spells:

 Your Spells              Type           Power        Failure   Level  Hunger
a - Shock                 Conj/Air       ###.         3%          1    #......
b - Repel Missiles        Chrm/Air       ##....       10%         2    ##.....
c - Swiftness             Chrm/Air       ##......     10%         2    ##.....


Dungeon Overview and Level Annotations

Branches:
Dungeon (4/15)
 Temple: D:4-7

Altars:
Xom


Innate Abilities, Weirdness & Mutations

You have a beak for a mouth.
You have claws for feet.
You can fly.


Message History

Aim: a scorpion (severely wounded)
The zap hits the scorpion.
The scorpion is severely wounded.
The scorpion barely misses you.
Casting: Shock
Confirm with . or Enter, or press ? or * to list all spells.
You don't know that spell.
Unknown command.
Okay, then.
Okay, then.
Okay, then.
Casting: Shock
Confirm with . or Enter, or press ? or * to list all spells.
Aiming: Shock
Press: ? - help, Shift-Dir - straight line, f/p - scorpion
Aim: a scorpion (severely wounded)
The zap hits the scorpion.
The scorpion is severely wounded.
The scorpion stings you!
You die...

#. #. #.. #..#
#######
#...#####...<.#
#..<........<##
##............#
###..........##
########..s@#
##...## ##...##
##...## ##...#
#...# ##..#
#..# #..#


You could see a scorpion.

Vanquished Creatures
  A hound (D:3)
  3 adders (D:2)
  7 oozes
  4 worms (D:2)
  3 leopard geckos
  8 orcs (D:3)
  6 bats
  2 giant cockroaches
  10 goblins
  8 hobgoblins
  3 jackals (D:2)
  8 kobolds
  A ball python (D:2)
  5 frilled lizards
  10 rats
79 creatures vanquished.

Notes
Turn   | Place    | Note
-------+----------+-------------------------------------------
     0 | D:1      | Magnus the Tengu Air Elementalist began the quest for the Orb.
     0 | D:1      | Reached XP level 1. HP: 10/10 MP: 4/4
   204 | D:1      | Reached XP level 2. HP: 15/15 MP: 1/6
   729 | D:1      | Reached XP level 3. HP: 19/19 MP: 5/7
  1390 | D:1      | Learned a level 2 spell: Repel Missiles
  1393 | D:1      | Learned a level 2 spell: Swiftness
  1708 | D:1      | Reached XP level 4. HP: 24/24 MP: 2/8
  1912 | D:2      | Reached skill level 5 in Air Magic
  2673 | D:2      | Gained mutation: You can fly. [Tengu growth]
  2673 | D:2      | Reached XP level 5. HP: 25/28 MP: 4/10
  3315 | D:3      | Found a shimmering altar of Xom.
  4171 | D:4      | Slain by a scorpion

Skill      XL: |  1  2  3  4  5 |
---------------+----------------+-----
Conjurations   | 2 3 |  3.4
Air Magic      | 5 |  5.5
Dodging        | 3 |  3.5
Spellcasting   | 3 |  3.0
Stealth        | |  2.0

Action                   |  1- 3 |  4- 6 || total
-------------------------+-------+-------++-------
Melee: Unarmed           |     6 |     2 ||     8
       Kick              |     2 |       ||     2
       Peck              |     1 |     1 ||     2
 Cast: Shock             |    79 |   131 ||   210
       Swiftness         |       |     1 ||     1
       Repel Missiles    |       |     1 ||     1
 Abil: Fly               |       |     1 ||     1
  Use: Scroll            |       |     7 ||     7
  Eat: Chunk             |     2 |     9 ||    11
Armor: Robe              |       |     4 ||     4
Dodge: Dodged            |     5 |    34 ||    39
